 Seeded DCSS version 0.28-a0-683-ga8797d1ae1 (webtiles) character file.

Game seed: 20211011 (custom seed)

53 a11behringer the Chopper (level 3, -3/33 HPs)
             Began as a Hill Orc Cinder Acolyte on Oct 19, 2021.
             Was a High Priest of Ignis.
             Slain by an orc (10 damage)
             ... on level 4 of the Dungeon.
             The game lasted 00:07:56 (2340 turns).

a11behringer the Chopper (Hill Orc Cinder Acolyte)  Turns: 2340, Time: 00:07:56

Health: -3/33      AC:  2    Str: 16    XL:     3   Next: 87%
Magic:  0/4        EV: 11    Int: 21    God:    Ignis [*****.]
Gold:   64         SH:  0    Dex:  6    Spells: 2/4 levels left

rFire   + . .      SeeInvis .   a - -1 hand axe (flame)
rCold   . . .      Faith    .   (no shield)
rNeg    . . .      Spirit   .   b - +0 robe
rPois   .          Reflect  .   (no helmet)
rElec   .          Harm     .   (no cloak)
rCorr   +          Rampage  .   (no gloves)
Will    .....                   (no boots)
Stlth   +.........              (no amulet)
HPRegen 0.11/turn               l - ring "Afenang" {rCorr Int+6}
MPRegen 0.09/turn               (no ring)

@: no status effects
A: no striking features
a: Renounce Religion, Sea of Fire, Foxfire Swarm, Rising Flame


You were on level 4 of the Dungeon.
You worshipped Ignis.
Ignis was extremely pleased with you.
You visited 1 branch of the dungeon, and saw 4 of its levels.

You collected 64 gold pieces.

Inventory:

Hand Weapons
 a - a -1 hand axe of flaming (weapon)
 i - a +0 war axe
Missiles
 h - 12 bolts
Armour
 b - a +0 robe (worn)
 j - a +0 plate armour
Magical Staves
 o - a staff of fire
Jewellery
 l - the ring "Afenang" (left hand) {rCorr Int+6}
   (You acquired it on level 3 of the Dungeon)

   [ring of intelligence]

   Int:       It affects your intelligence (+6).
   rCorr:     It protects you from acid and corrosion.
 n - a +4 ring of evasion
Scrolls
 e - 2 scrolls of noise {unknown}
 k - a scroll of fear {unknown}
Potions
 c - 2 potions of lignification
 d - a potion of invisibility
 f - a potion of degeneration
 g - a potion of haste {unknown}
 m - a potion of curing {unknown}
 p - a potion of attraction {unknown}


   Skills:
 + Level 3.9 Fighting
 * Level 5.6 Axes
 + Level 0.1 Dodging
 + Level 1.2 Spellcasting
 + Level 3.4 Fire Magic


You had 2 spell levels left.
You knew the following spells:

 Your Spells              Type           Power      Damage    Failure   Level
a - Scorch                Fire           30%        2d7       6%          2

Your spell library contained the following spells:

 Spells                   Type           Power      Damage    Failure   Level


Dungeon Overview and Level Annotations

Branches:
Dungeon (4/15)
 Temple: D:4-7

Altars:
Sif Muna


Message History

Flames lash the orc.
The orc is lightly wounded.
The orc's fire resistance burns away.
The orc hits you but does no damage.
Casting: Scorch (safe; 6% risk of failure)
Confirm with . or Enter, or press ? or * to list all spells.
Flames lash something.
A kobold comes into view. It is wielding a +0 short sword.
You hit the orc but do no damage.
The orc is lightly wounded.
You completely miss the orc. The orc hits you with a +0 flail!
The orc barely misses you.
You hit the orc but do no damage.
The orc is lightly wounded.
You closely miss the orc.
The orc is no longer more vulnerable to fire.
The orc hits you with a +0 flail. x2
You hit the orc. You burn the orc.
The orc is heavily wounded.
You hit the orc. You burn the orc. The orc hits you with a +0 flail!
* * * LOW HITPOINT WARNING * * *
The orc barely misses you. The orc closely misses you.
A ball python comes into view.
The ball python hisses angrily.
There is a stone staircase leading down here.
You can't go up here!
The orc closely misses you.
You climb downwards.
Reactivating autopickup.
There is a stone staircase leading up here.
Casting: Scorch (safe; 6% risk of failure)
Confirm with . or Enter, or press ? or * to list all spells.
You don't have enough magic to cast this spell.
Found a pink potion.
Casting: Scorch (safe; 6% risk of failure)
Confirm with . or Enter, or press ? or * to list all spells.
Flames lash the orc.
The orc is almost dead.
The orc's fire resistance burns away.
The orc hits you with a +0 flail!
You die...

#
######!#####
#..o@.......
#.##########
#.# #.# #.#
#.#
#.#####.#
#....<..#
#########


You could see an orc (combustible).

Vanquished Creatures
  2 adders (D:2)
  A worm (D:2)
  A dart slug (D:2)
  8 endoplasms
  A giant cockroach (D:2)
  4 goblins
  2 ball pythons (D:2)
  A bat (D:3)
  2 frilled lizards
  4 kobolds
  5 rats
31 creatures vanquished.

Vanquished Creatures (others)
  13 foxfires (D:2)
  3 plants (D:1)
16 creatures vanquished.

Grand Total: 47 creatures vanquished

Notes
Turn   | Place    | Note
-------+----------+-------------------------------------------
     0 | D:1      | a11behringer the Hill Orc Cinder Acolyte began the quest
                  | for the Orb.
     0 | D:1      | Reached XP level 1. HP: 19/19 MP: 2/2
   104 | D:1      | You fall into a shaft and drop 1 floor!
   184 | D:2      | Reached XP level 2. HP: 12/26 MP: 3/3
  1091 | D:1      | Found a faded altar of an unknown god.
  1293 | D:1      | Learned a level 2 spell: Scorch
  1319 | D:2      | Reached skill level 5 in Axes
  1370 | D:2      | Reached XP level 3. HP: 31/33 MP: 0/4
  1893 | D:3      | Identified a scroll of acquirement
  1893 | D:3      | Acquired the ring "Afenang" {rCorr Int+6}
  2263 | D:3      | Found a shimmering blue altar of Sif Muna.
  2340 | D:4      | Slain by an orc

Illustrated notes

Levels and vault maps discovered:
D:1:      eino_arrival_water_star, layout_basic, chequers_ecumenical_altar_lobes
D:2:      layout_rooms, minmay_misc_feat_x, minmay_misc_feat_tower
D:3:      layout_rooms, lemuel_blue_sif_altar
D:4:      black_bear_nest_2, layout_loops_ring, slow_altar_2,
          nicolae_qazlal_style_of_elements, mainiacjoe_overflow_surrounded_room,
          gammafunk_temple_overflow_elements, minmay_misc_feat_encased,
          nicolae_take_the_stairs, uniq_blork_the_orc, uniq_menkaure

Skill      XL: |  1  2 |
---------------+-------+-----
Axes           | 5 |  5.6
Fighting       | |  3.9
Dodging        | |  0.1
Spellcasting   | |  1.2
Fire Magic     | |  3.4

Action                   || total
-------------------------++-------
Melee: Hand axe          ||    72
 Cast: Scorch            ||    16
Invok: Foxfire Swarm     ||     1
  Use: Scroll            ||     5
Armor: Robe              ||     6
Dodge: Dodged            ||    43

Table legend: (Time is in decaauts)
 A = Elapsed time spent in this place.
 B = Non-inter-level travel time spent in this place.
 C = Inter-level travel time spent in this place.
 D = Time resting spent in this place.
 E = Time spent auto-exploring this place.
 F = Levels seen in this place.
 G = Mean time per level.
                   A        B        C        D        E       F      G
               +--------+--------+--------+--------+--------+-----+--------+
         Total |   2344 |   2206 |    138 |      0 |   1918 |   4 |  586.0 |
       Dungeon |   2344 |   2206 |    138 |      0 |   1918 |   4 |  586.0 |
               +--------+--------+--------+--------+--------+-----+--------+

Top non-repeatable levels by time:
     D:1: 934 daAuts
     D:2: 912 daAuts
     D:3: 486 daAuts
     D:4: 10 daAuts
